 Dungeon Crawl Stone Soup version 0.31-a0-1589-g8f5e8aebd6 (webtiles) character file.

Game seed: 11902315284547053806

106 Firecrotchwizard the Cudgeller (level 4, 0/48 HPs)
             Began as an Oni Gladiator on Jan 6, 2024.
             Incinerated by a bombardier beetle (4 damage)
             ... with a burning spray
             ... on level 3 of the Dungeon.
             The game lasted 00:05:22 (2077 turns).

Firecrotchwizard the Cudgeller (Oni Gladiator)      Turns: 2077, Time: 00:05:22

Health: 0/48       AC:  3    Str: 20    XL:     4   Next: 84%
Magic:  4/4        EV: 10    Int:  9    God:
Gold:   216        SH:  5    Dex: 10    Spells: 3/3 levels left

rFire   . . .        a - +0 flail
rCold   . . .        (no shield)
rNeg    . . .        b - +0 robe
rPois   .            c - +0 hat
rElec   .            (no cloak)
rCorr   .            (gloves unavailable)
SInv    .            (boots unavailable)
Will    .....        g - amulet of reflection
Stlth   +            (no ring)
HPRegen 0.28/turn    (no ring)
MPRegen 0.09/turn

%: reflection
@: on fire, glowing
A: large, unfitting armour, horns 1, tough skin 1, double potion healing,
drunken brawling
a: no special abilities


You were on level 3 of the Dungeon.
You visited 1 branch of the dungeon, and saw 3 of its levels.

You collected 216 gold pieces.

Inventory:

Hand Weapons
 a - a +0 flail (weapon)
Missiles
 d - 3 throwing nets (quivered) {@!f}
 e - a large rock
 l - 5 poisoned darts
Armour
 b - a +0 robe (worn)
 c - a +0 hat (worn)
Jewellery
 g - an amulet of reflection (around neck)
Scrolls
 i - a scroll of fog {unknown}
 k - a scroll of torment {unknown}
Potions
 f - a potion of cancellation {unknown}
 h - 2 potions of brilliance {unknown}
 j - a potion of lignification {unknown}


   Skills:
 + Level 3.9 Fighting
 * Level 4.3 Maces & Flails
 + Level 2.9 Throwing
 - Level 2.6 Dodging


You had 3 spell levels left.
You didn't know any spells.
Your spell library was empty.

Dungeon Overview and Level Annotations

Branches:
Dungeon (3/15)

Altars:

Shops:
D:1 *


Innate Abilities, Weirdness & Mutations

You are too large for most types of armour.
You have a pair of small horns on your head.
You have tough skin. (AC +1)
You gain doubled healing and magic from potions.
Whenever you drink a healing potion, you attack all around you.


Message History

You kill the orc!
The bat closely misses you. The bat closely misses you.
The bat hits you but does no damage.
You see here a +0 trident.
You hit the bat.
You kill the bat!
You see here a bat corpse.
You see here a +0 trident.
You see here a bat corpse.
Found a stone staircase leading down.
There is a stone staircase leading down here.
A rat comes into view.
Found a flail.
The rat squeaks loudly.
You hear an angry hiss.
The rat closely misses you.
You closely miss the rat. Your headbutt misses the rat.
A ball python comes into view.
The rat misses you.
An adder comes into view.
The adder hisses angrily.
You thump the rat!
You kill the rat!
The ball python closely misses you.
You see here a rat corpse.
You barely miss the ball python. The ball python bites you.
You block the ball python's attack.
You closely miss the ball python. You headbutt the ball python.
The ball python is heavily wounded.
You hit the adder.
The adder is heavily wounded.
The adder bites you. The adder closely misses you.
You barely miss the adder. Your headbutt misses the adder.
The adder is heavily wounded.
The adder bites you.
You barely miss the adder. Your headbutt misses the adder.
The adder is heavily wounded.
The adder misses you. The adder closely misses you.
You closely miss the adder. Your headbutt misses the adder.
The adder is heavily wounded.
You block the adder's attack.
You sock the adder!
You kill the adder!
The ball python closely misses you.
You hit the ball python.
You kill the ball python!
A bombardier beetle comes into view.
Found a scroll labelled CATSEILA OSOLO.
You see here a book of Vapours.
You hit the bombardier beetle but do no damage.
Your headbutt misses the bombardier beetle.
You closely miss the bombardier beetle.
The bombardier beetle sprays incendiary fluid at you.
The burning spray misses you.
You hit the bombardier beetle but do no damage.
The bombardier beetle bites you.
You barely miss the bombardier beetle.
The bombardier beetle sprays incendiary fluid at you.
The burning spray hits you.
You are covered in liquid fire!
You hit the bombardier beetle but do no damage.
The liquid fire burns you!
Sorry, you're not good enough to have a special ability.
You aren't carrying any items that you can evoke.
You closely miss the bombardier beetle. The liquid fire burns you!
The bombardier beetle sprays incendiary fluid at you.
The burning spray hits you.
You are even more covered in liquid fire!
You hit the bombardier beetle.
The bombardier beetle is moderately wounded.
The liquid fire burns you!
The bombardier beetle bites you but does no damage.
You barely miss the bombardier beetle.
The bombardier beetle is moderately wounded.
The liquid fire burns you! The bombardier beetle bites you.
You sock the bombardier beetle!
The bombardier beetle is almost dead.
The liquid fire burns you!
* * * LOW HITPOINT WARNING * * *
You hit the bombardier beetle.
You kill the bombardier beetle!
The liquid fire burns you!
* * * LOW HITPOINT WARNING * * *
You shake off some of the fire as you move.
The liquid fire burns you!
* * * LOW HITPOINT WARNING * * *
You see here a book of Vapours.
You are on fire!
You are on fire!
You are on fire!
You are on fire!
The liquid fire burns you!
* * * LOW HITPOINT WARNING * * *
The liquid fire burns you!
* * * LOW HITPOINT WARNING * * *
The liquid fire burns you!
* * * LOW HITPOINT WARNING * * *
The liquid fire burns you!
You die...

#.#....... #.#. .). #..
..# .# #.## ##.# .#
#..###..# .#
#####.#.#.#†# .#
#.....##.##.# .#
#.######.##.#####.#####
#.# #.##..^.@......#
#.# #..........###.#
#.# ####.####..# #>#
#.# #..... #.# #.#
##.?... ##.# #.# ###..#
†..# #.. ..# #### #.#
##


There were no monsters in sight!

Vanquished Creatures
  A bombardier beetle (D:3)
  3 adders
  A ribbon worm (D:2)
  A dart slug (D:2)
  An orc (D:3)
  3 endoplasms (D:1)
  3 giant cockroaches
  A goblin (D:1)
  3 hobgoblins
  4 kobolds
  5 quokkas
  4 ball pythons
  3 bats
  6 rats
39 creatures vanquished.

Notes
Turn   | Place    | Note
-------+----------+-------------------------------------------
     0 | D:1      | Firecrotchwizard the Oni Gladiator began the quest for the
                  | Orb.
     0 | D:1      | Reached XP level 1. HP: 22/22 MP: 1/1
   260 | D:1      | Found Luaramiq's Assorted Antiques.
   268 | D:1      | Reached XP level 2. HP: 27/29 MP: 2/2
   417 | D:1      | Found a faded altar of an unknown god.
   966 | D:2      | Reached XP level 3. HP: 37/37 MP: 3/3
  1944 | D:3      | Reached skill level 4 in Maces & Flails
  1963 | D:3      | Reached XP level 4. HP: 44/45 MP: 4/4
  2077 | D:3      | Incinerated by a bombardier beetle

Illustrated notes

Levels and vault maps discovered:
D:1:      dpeg_arrival_round_c, layout_basic, serial_shops, shop,
          shapermc_ecumenical_altar_mp_highgroup, serial_forest,
          infiniplex_forest_straight_4, infiniplex_forest_lined_room_2,
          infiniplex_forest_straight_2, infiniplex_forest_end_1,
          infiniplex_forest_straight_2, infiniplex_forest_clump_small,
          infiniplex_forest_lined_4_way, infiniplex_forest_clump_medium,
          minmay_quantized
D:2:      layout_basic, kennysheep_cross_room, minmay_gold_behind_fungi
D:3:      layout_loops_ring, chequers_avenue

Skill      XL: |  1  2  3 |
---------------+----------+-----
Fighting       | 3 |  3.9
Maces & Flails | 4 |  4.3
Throwing       | |  2.9
Dodging        | |  2.6

Action                     |  1- 3 |  4- 6 || total
---------------------------+-------+-------++-------
  Melee: Flail             |   111 |    22 ||   133
         Headbutt          |    16 |     1 ||    17
         Punch             |     1 |       ||     1
   Stab: Sleeping          |       |     1 ||     1
 Armour: Robe              |    64 |     7 ||    71
  Dodge: Dodged            |    49 |    10 ||    59
  Block: Other             |    16 |     2 ||    18
         Reflection        |     1 |       ||     1

Table legend: (Time is in decaauts)
 A = Elapsed time spent in this place.
 B = Non-inter-level travel time spent in this place.
 C = Inter-level travel time spent in this place.
 D = Time resting spent in this place.
 E = Time spent auto-exploring this place.
 F = Levels seen in this place.
 G = Mean time per level.
                   A        B        C        D        E       F      G
               +--------+--------+--------+--------+--------+-----+--------+
         Total |   2105 |   2070 |     35 |      0 |   1698 |   3 |  701.7 |
       Dungeon |   2105 |   2070 |     35 |      0 |   1698 |   3 |  701.7 |
               +--------+--------+--------+--------+--------+-----+--------+

Top non-repeatable levels by time:
     D:2: 1094 daAuts
     D:1: 841 daAuts
     D:3: 168 daAuts
